 Dungeon Crawl Stone Soup version 0.30-a0-359-gd0147acb1a (webtiles) character file.

Game seed: 6117785296303181795

804 RascalDebosk the Magician (level 8, -5/56 HPs)
             Began as a Djinni Conjurer on Nov 11, 2022.
             Shot with an arrow by a centaur (14 damage)
             ... on level 5 of the Dungeon.
             The game lasted 00:43:00 (3953 turns).

RascalDebosk the Magician (Djinni Conjurer)         Turns: 3953, Time: 00:43:01

Health: -5/56      AC:  5    Str:  6    XL:     8   Next: 14%
Gold:   229        EV: 11    Int: 29    God:
                   SH:  5    Dex: 11

rFire   + + .      SeeInvis .    r - +0 scimitar
rCold   x . .      Faith    .    (no shield)
rNeg    . . .      Spirit   .    u - +1 leather armour {Will+}
rPois   ∞          Reflect  +    (no helmet)
rElec   .          Harm     .    (no cloak)
rCorr   .          Rampage  .    m - +0 pair of gloves
Will    +....                    (boots unavailable)
Stlth   +.........               p - amulet of reflection
HPRegen 0.29/turn                l - +6 ring of intelligence
MPRegen 0.00/turn                (no ring)

@: flying
A: sickness immunity, fire resistance 2, cold vulnerability 1, float, innate
caster, HP casting, extra vitality 1
a: no special abilities


You were on level 5 of the Dungeon.
You visited 2 branches of the dungeon, and saw 6 of its levels.

You collected 229 gold pieces.

Inventory:

Hand Weapons
 r - a +0 scimitar (weapon)
Armour
 a - a +0 robe
 m - a +0 pair of gloves (worn)
 u - a +1 leather armour of willpower (worn)
Jewellery
 l - a +6 ring of intelligence (left hand)
 p - an amulet of reflection (around neck)
 x - a ring of fire
Wands
 g - a wand of roots (5)
Scrolls
 d - a scroll of blinking {unknown}
 i - a scroll of amnesia {unknown}
 j - 2 scrolls of enchant weapon {unknown}
 n - a scroll of acquirement {unknown}
 t - 4 scrolls of teleportation
 w - a scroll of noise {unknown}
 y - a scroll of torment {unknown}
Potions
 b - a potion of mutation
 c - a potion of might
 e - 2 potions of attraction
 f - 4 potions of magic
 h - a potion of lignification {unknown}
 k - a potion of heal wounds {unknown}
 o - 2 potions of brilliance
 q - a potion of flight {unknown}
 s - a potion of ambrosia {unknown}
 v - a potion of cancellation {unknown}


   Skills:
 + Level 3.5 Fighting
 + Level 1.8 Armour
 - Level 2.1 Dodging
 - Level 1.5 Stealth
 * Level 6.5 Spellcasting


You couldn't memorise any spells.
You knew the following spells:

 Your Spells              Type           Power      Damage    Failure   Level
a - Magic Dart            Conj           100%       1d8       1%          1
b - Searing Ray           Conj           94%        2d7       1%          2
c - Dazzling Flash        Conj/Hex       94%        N/A       1%          3
d - Fulminant Prism       Conj/Hex       23%        3d12      5%          4
e - Iskenderun's Mystic   Conj/Tloc      47%        2d10      5%          4
f - Foxfire               Conj/Fire      100%       2x1d9     1%          1
g - Static Discharge      Conj/Air       94%        2-6/arc   1%          2
h - Summon Guardian Gole  Hex/Summ       47%        N/A       1%          3
Your spell library was empty.

Dungeon Overview and Level Annotations

Branches:
Dungeon (5/15)             Temple (1/1) D:5

Altars:
Ashenzari
Cheibriados
Fedhas
Hepliaklqana
Nemelex Xobeh
Okawaru
Uskayaw
The Shining One

Shops:
D:1 (   D:2 [[   D:3 :


Innate Abilities, Weirdness & Mutations

You are immune to sickness and miasma.
You are immune to poison.
Your flesh is very heat resistant. (rF++)
You are vulnerable to cold. (rC-)
You float through the air rather than walking.
You learn spells naturally, not from books.
Your magical power is your life essence.
You have superior vitality. (+4 MHP)


Message History

Aim: a hound (moderately wounded, 100% to hit)
The magic dart hits the hound.
The hound is heavily wounded.
Casting: Magic Dart (safe; 1% risk of failure)
Confirm with . or Enter, or press ? or * to list all spells.
Aiming: Magic Dart (safe; 1% risk of failure)
Press: ? - help, Shift-Dir - straight line, f/p - hound
Aim: a hound (heavily wounded, 100% to hit)
The magic dart hits the hound.
The hound is almost dead.
Casting: Magic Dart (safe; 1% risk of failure)
Confirm with . or Enter, or press ? or * to list all spells.
Aiming: Magic Dart (safe; 1% risk of failure)
Press: ? - help, Shift-Dir - straight line, f/p - hound
Aim: a hound (almost dead, 100% to hit)
The magic dart hits the hound.
The hound is almost dead.
Casting: Magic Dart (safe; 1% risk of failure)
Confirm with . or Enter, or press ? or * to list all spells.
Aiming: Magic Dart (safe; 1% risk of failure)
Press: ? - help, Shift-Dir - straight line, f/p - hound
Aim: a hound (almost dead, 100% to hit)
The magic dart hits the hound!
You kill the hound!
An iguana comes into view.
A centaur comes into view.
The iguana hisses angrily.
Casting: Magic Dart (safe; 1% risk of failure)
Confirm with . or Enter, or press ? or * to list all spells.
Aiming: Magic Dart (safe; 1% risk of failure)
Press: ? - help, Shift-Dir - straight line, f - iguana
Aim: an iguana (100% to hit)
The magic dart hits the iguana.
The iguana is lightly wounded.
The centaur shouts!
The centaur wields a +0 shortbow.
The centaur shoots an arrow.
The arrow hits you.
Casting: Magic Dart (safe; 1% risk of failure)
Confirm with . or Enter, or press ? or * to list all spells.
Aiming: Magic Dart (safe; 1% risk of failure)
Press: ? - help, Shift-Dir - straight line, f/p - iguana
Aim: an iguana (lightly wounded, 100% to hit)
The magic dart hits the iguana but does no damage.
The iguana is lightly wounded.
The centaur shoots an arrow.
The arrow hits you.
The centaur shoots an arrow.
The arrow hits you!
Casting: Magic Dart (safe; 1% risk of failure)
Confirm with . or Enter, or press ? or * to list all spells.
Aiming: Magic Dart (safe; 1% risk of failure)
Press: ? - help, Shift-Dir - straight line, f/p - iguana
Aim: an iguana (lightly wounded, 100% to hit)
The magic dart hits the iguana.
The iguana is heavily wounded.
The centaur shoots an arrow.
The arrow barely misses you. The iguana misses you.
Casting: Magic Dart (safe; 1% risk of failure)
Confirm with . or Enter, or press ? or * to list all spells.
Aiming: Magic Dart (safe; 1% risk of failure)
Press: ? - help, Shift-Dir - straight line, f/p - iguana
Aim: an iguana (heavily wounded, 100% to hit)
The magic dart hits the iguana but does no damage.
The iguana is heavily wounded.
The centaur shoots an arrow.
The arrow hits you.
* * * LOW HITPOINT WARNING * * *
You block the iguana's attack.
The centaur shoots an arrow.
The arrow hits you!
* * * LOW HITPOINT WARNING * * *
The centaur shoots an arrow.
The arrow hits you.
* * * LOW HITPOINT WARNING * * *
Casting: Magic Dart (safe; 1% risk of failure)
Confirm with . or Enter, or press ? or * to list all spells.
Aiming: Searing Ray (safe; 1% risk of failure)
Press: ? - help, Shift-Dir - straight line, f/p - iguana
Aim: an iguana (heavily wounded, 84% to hit)
The searing ray hits the iguana!
The iguana is almost dead. (Press . to maintain the ray.)
* * * LOW HITPOINT WARNING * * *
The iguana bites you.
* * * LOW HITPOINT WARNING * * *
The searing ray hits the iguana.
You kill the iguana!
* * * LOW HITPOINT WARNING * * *
You start resting.
A centaur is nearby!
The centaur shoots an arrow.
You reflect the arrow off an invisible shield around you!
The arrow closely misses the centaur.
You see here an iguana corpse.
The centaur unwields a +0 shortbow.
The centaur hits you.
* * * LOW HITPOINT WARNING * * *
The centaur barely misses you.
Casting: Searing Ray (safe; 1% risk of failure)
Confirm with . or Enter, or press ? or * to list all spells.
You erupt in a blast of force!
The mystic blast hits the centaur.
The centaur is moderately wounded.
The centaur is knocked back by the mystic blast.
* * * LOW HITPOINT WARNING * * *
The centaur wields a +0 shortbow.
The centaur shoots an arrow.
The arrow hits you!
You die...

##......## ##........##
#.........)#
#..........#
#..........#
#.....†....#
#..........#
##.......†##
##.......@#######
#...............#
#######........c.......
.......................
#######..#.............
.......................
........#.#............
......###.#............
....###...##...........


You could see a centaur.

Vanquished Creatures
  Edmund (D:4)
  A necrophage (D:5)
  3 scorpions
  A howler monkey (D:5)
  A hound (D:5)
  2 orc priests
  3 iguanas
  Ijyb (D:4)
  3 orc wizards
  5 adders
  4 dart slugs
  9 orcs
  2 bats
  4 endoplasms (D:1)
  3 giant cockroaches
  12 goblins
  8 hobgoblins
  5 jackals
  6 quokkas
  4 ball pythons (D:1)
  2 frilled lizards
  8 kobolds
  7 rats
95 creatures vanquished.

Vanquished Creatures (others)
  23 foxfires
  A fulminant prism (D:4)
  2 plants (D:2)
26 creatures vanquished.

Grand Total: 121 creatures vanquished

Notes
Turn   | Place    | Note
-------+----------+-------------------------------------------
     0 | D:1      | RascalDebosk the Djinni Conjurer began the quest for the
                  | Orb.
     0 | D:1      | RascalDebosk set off with the following spells memorised:
                  | Magic Dart, Searing Ray, Dazzling Flash, Fulminant Prism,
                  | Iskenderun's Mystic Blast.
     0 | D:1      | Reached XP level 1. HP: 15/15 MP: 0/0
   120 | D:1      | Reached XP level 2. HP: 13/21 MP: 0/0
   317 | D:1      | Reached XP level 3. HP: 21/25 MP: 0/0
   317 | D:1      | Learned a level 1 spell: Foxfire
   322 | D:1      | Found Qaloroh's Weapon Shoppe.
   355 | D:1      | Reached skill level 4 in Spellcasting
   709 | D:1      | Reached XP level 4. HP: 27/31 MP: 0/0
  1187 | D:2      | Found Uppywne's Antique Armour Boutique.
  1362 | D:2      | Found Ymawo's Antique Armour Shop.
  1651 | D:3      | Reached XP level 5. HP: 27/35 MP: 0/0
  1651 | D:3      | Learned a level 2 spell: Static Discharge
  1725 | D:3      | Found Hoint's Book Emporium.
  1964 | D:3      | Reached skill level 5 in Spellcasting
  1987 | D:3      | Reached skill level 1 in Fighting
  1987 | D:3      | Reached XP level 6. HP: 6/42 MP: 0/0
  2217 | D:3      | Found a blossoming altar of Fedhas.
  2522 | D:4      | Noticed Edmund
  2530 | D:4      | Killed Edmund
  2531 | D:4      | Reached XP level 7. HP: 36/49 MP: 0/0
  2531 | D:4      | Learned a level 3 spell: Summon Guardian Golem
  2713 | D:4      | Reached skill level 6 in Spellcasting
  3013 | D:4      | Found a sparkling altar of Nemelex Xobeh.
  3015 | D:4      | Noticed Ijyb
  3021 | D:4      | Killed Ijyb
  3661 | D:5      | Entered Level 5 of the Dungeon
  3677 | D:5      | Reached skill level 1 in Armour
  3716 | D:5      | Reached XP level 8. HP: 46/56 MP: 0/0
  3758 | D:5      | Found a staircase to the Ecumenical Temple.
  3765 | Temple   | Entered the Ecumenical Temple
  3953 | D:5      | Shot with an arrow by a centaur

Illustrated notes

Levels and vault maps discovered:
D:1:      onia_arrival_mini_maze, layout_loops_cross, serial_shops,
          nicolae_shop_bloodbath_and_beyond
D:2:      layout_loops_ring, serial_shops, shop, shop,
          nicolae_shop_overgrown_old_shop, shapermc_ecumenical_altar_petra
D:3:      cheibrodos_pilgrimage, layout_basic, fedhas_ov_isle_minmay,
          serial_shops, nicolae_shop_crystal, minivault_19,
          chequers_decorated_corner
D:4:      layout_layer_cave, mainiacjoe_overflow_paths, mrwooster_statue_mirror,
          chequers_jeans, uniq_ijyb, uniq_edmund
D:5:      layout_rooms, kennysheep_ying_yang, minmay_temple_entry_slanted,
          kennysheep_dice
Temple:   nicolae_temple_two_arcs

Skill      XL: |  1  2  3  4  5  6  7 |
---------------+----------------------+-----
Spellcasting   | 4 5 6 |  6.5
Fighting       | 1 2 3 |  3.5
Armour         | 1 |  1.8
Dodging        | |  2.1
Stealth        | |  1.5

Action                   |  1- 3 |  4- 6 |  7- 9 || total
-------------------------+-------+-------+-------++-------
Melee: Falchion          |       |     2 |     4 ||     6
 Cast: Magic Dart        |    67 |    75 |    57 ||   199
       Searing Ray       |     5 |    15 |     7 ||    27
       Foxfire           |     5 |       |     9 ||    14
       Iskenderun's Myst |       |     2 |     3 ||     5
       Fulminant Prism   |       |     1 |       ||     1
  Use: Scroll            |       |     5 |     1 ||     6
Armor: Robe              |     6 |     4 |     1 ||    11
       Leather armour    |       |       |     6 ||     6
Dodge: Dodged            |    17 |    14 |    10 ||    41
Block: Other             |       |       |     7 ||     7
       Reflection        |       |       |     2 ||     2

Table legend: (Time is in decaauts)
 A = Elapsed time spent in this place.
 B = Non-inter-level travel time spent in this place.
 C = Inter-level travel time spent in this place.
 D = Time resting spent in this place.
 E = Time spent auto-exploring this place.
 F = Levels seen in this place.
 G = Mean time per level.
                   A        B        C        D        E       F      G
               +--------+--------+--------+--------+--------+-----+--------+
         Total |   3952 |   3855 |     97 |    325 |   2678 |   6 |  658.7 |
       Dungeon |   3840 |   3757 |     83 |    325 |   2593 |   5 |  768.0 |
        Temple |    111 |     97 |     14 |      0 |     85 |   1 |  111.0 |
               +--------+--------+--------+--------+--------+-----+--------+

Top non-repeatable levels by time:
     D:4: 1319 daAuts
     D:1: 1092 daAuts
     D:3: 714 daAuts
     D:2: 533 daAuts
     D:5: 180 daAuts
  Temple: 111 daAuts
